 Dungeon Sprint DCSS version 0.21-a0-47-g7c8f537 (webtiles) character file.

170 Kidiri the Insei (level 5, -1/50 HPs)
             Began as a Hill Orc Monk on June 8, 2017.
             Was an Elder of Wu Jian.
             Slain by a quasit (3 damage)
             ... while paralysed by a floating eye
             ... in the Dungeon (Sprint VII: "The Pits").
             The game lasted 00:03:20 (697 turns).

Kidiri the Insei (Hill Orc Monk)                     Turns: 697, Time: 00:03:21

Health: -1/50      AC:  2    Str: 14    XL:     5   Next: 51%
Magic:  5/5        EV:  2    Int: 10    God:    Wu Jian [****..]
Gold:   0          SH:  0    Dex: -10 (14)Spells: 4/4 levels left

rFire    . . .     SeeInvis .     - Unarmed
rCold    . . .     Gourm    .   (no shield)
rNeg     . . .     Faith    .   a - +0 robe
rPois    .         Spirit   .   (no helmet)
rElec    .         Reflect  .   (no cloak)
rCorr    .         Harm     .   (no gloves)
MR       .....     NoTele   +   (no boots)
Stlth    ..........             (no amulet)
Regen    0.2/turn               (no ring)
MPRegen  0.1/turn               (no ring)

@: paralysed, slowed, lost dexterity
A: no striking features
a: Serpent's Lash, Renounce Religion


You were in the Dungeon.
You worshipped Wu Jian.
Wu Jian was greatly pleased with you.
You were not hungry.

You visited 1 branch

Inventory:

Armour
 a - a +0 robe (worn)
 o - a +3 ring mail
Scrolls
 h - a scroll of blinking
 j - 3 scrolls of remove curse
 k - 5 scrolls of amnesia
 l - a scroll of summoning
Potions
 c - 4 potions of curing
 d - 3 potions of heal wounds
 e - a potion of haste
 f - 4 potions of magic
 g - 3 potions of berserk rage
 i - 2 potions of invisibility
Comestibles
 b - 8 bread rations
 m - 40 fruits
 n - 7 meat rations


   Skills:
 + Level 5.7 Fighting
 + Level 3.9 Armour
 * Level 5.0 Dodging
 * Level 5.1 Stealth
 * Level 6.8 Unarmed Combat


You had 4 spell levels left.
You didn't know any spells.

Dungeon Overview and Level Annotations

Branches:
Dungeon (1/1)

Altars:
Ashenzari
Cheibriados
Dithmenos
Elyvilon
Fedhas
Gozag
Hepliaklqana
Kikubaaqudgha
Makhleb
Nemelex Xobeh
Okawaru
Qazlal
Ru
Sif Muna
Trog
Uskayaw
Vehumet
Wu Jian
Xom
Yredelemnul
Zin
The Shining One
Beogh
Jiyva
Lugonu


Message History

The quasit claws you.
* * * LOW HITPOINT WARNING * * *
You feel clumsy.
The quasit claws you but does no damage.
The floating eye gazes piercingly through you!
You suddenly lose the ability to move!
The quasit bites you but does no damage.
The quasit claws you.
* * * LOW HITPOINT WARNING * * *
The quasit claws you.
* * * LOW HITPOINT WARNING * * *
You feel clumsy. The floating eye seems to glare at you.
The quasit bites you but does no damage.
The quasit claws you.
* * * LOW HITPOINT WARNING * * *
The quasit claws you but does no damage.
The floating eye gazes piercingly through you!
You shrug off the repeated paralysis!
The quasit bites you.
You die...

#.#..[)))..##.......#
#'###########.......#
#.......# #########
#..#.#..# #≈##.##.#
#.......# #.##.##.#
#OS#.#..# #YG5@...+
#########


You could see a water moccasin, a sky beast, an ogre, a floating eye and a
quasit.

Vanquished Creatures
  A floating eye (D)
  A quasit (D)
  A gnoll (D)
  A white imp (D)
  An ufetubus (D)
  2 oozes (D)
  An adder skeleton (D)
  A leopard gecko (D)
  A quokka (D)
  A rat (D)
11 creatures vanquished.

Notes
Turn   | Place    | Note
-------+----------+-------------------------------------------
     0 | D        | Kidiri the Hill Orc Monk began the quest for the Orb.
     0 | D        | Reached XP level 1. HP: 19/19 MP: 1/1
    10 | D        | Noticed a floating eye
    12 | D        | Paralysed by a floating eye for 4 turns
    19 | D        | Killed a floating eye
    19 | D        | Reached skill level 5 in Fighting
    19 | D        | Reached skill level 5 in Unarmed Combat
    19 | D        | Reached XP level 2. HP: 29/29 MP: 2/2
    19 | D        | Reached XP level 3. HP: 36/36 MP: 3/3
    19 | D        | Reached XP level 4. HP: 42/42 MP: 4/4
    24 | D        | Found a bloodstained altar of Trog.
    24 | D        | Found a deep blue altar of Sif Muna.
    24 | D        | Found a viscous altar of Jiyva.
    24 | D        | Found a hazy altar of Hepliaklqana.
    24 | D        | Found an opulent altar of Gozag.
    25 | D        | Found a glowing golden altar of the Shining One.
    25 | D        | Found a glowing silver altar of Zin.
    25 | D        | Found a basalt altar of Yredelemnul.
    25 | D        | Found a shimmering altar of Xom.
    25 | D        | Found an ornate altar of the Wu Jian Council.
    25 | D        | Found a sacrificial altar of Ru.
    25 | D        | Found a stormy altar of Qazlal.
    25 | D        | Found an iron altar of Okawaru.
    25 | D        | Found a sparkling altar of Nemelex Xobeh.
    25 | D        | Found a burning altar of Makhleb.
    25 | D        | Found a blossoming altar of Fedhas.
    25 | D        | Found a white marble altar of Elyvilon.
    25 | D        | Found a shadowy altar of Dithmenos.
    25 | D        | Found a snail-covered altar of Cheibriados.
    27 | D        | Found a radiant altar of Vehumet.
    27 | D        | Found a corrupted altar of Lugonu.
    27 | D        | Found a roughly hewn altar of Beogh.
    28 | D        | Found a hide-covered altar of Uskayaw.
    28 | D        | Found an ancient bone altar of Kikubaaqudgha.
    28 | D        | Found a shattered altar of Ashenzari.
    34 | D        | Became a worshipper of the Wu Jian Council
    34 | D        | Reached * piety under Wu Jian
    34 | D        | Reached ** piety under Wu Jian
    84 | D        | Reached skill level 6 in Unarmed Combat
    92 | D        | Reached XP level 5. HP: 22/48 MP: 5/5
   264 | D        | Reached *** piety under Wu Jian
   334 | D        | Reached **** piety under Wu Jian
   334 | D        | Reached skill level 5 in Stealth
   657 | D        | Noticed a sky beast
   657 | D        | Noticed a floating eye
   659 | D        | Noticed a water moccasin
   659 | D        | Noticed an ogre
   672 | D        | Reached skill level 5 in Dodging
   679 | D        | HP: 1/50 [water moccasin (8)]
   680 | D        | Paralysed by a floating eye for 2 turns
   683 | D        | Lost dexterity.
   689 | D        | Paralysed by a floating eye for 4 turns
   695 | D        | Paralysed by a floating eye for 4 turns
   696 | D        | HP: 2/50 [quasit (2)]
   697 | D        | Slain by a quasit

Vault maps used:
D:        pitsprint

Skill      XL: |  1  2  3  4  5 |
---------------+----------------+-----
Fighting       | 5 |  5.7
Armour         | 3 |  3.9
Dodging        | 4 5 |  5.0
Stealth        | 4 5 |  5.1
Unarmed Combat | 5 6 |  6.8

Action                   |  1- 3 |  4- 6 || total
-------------------------+-------+-------++-------
Melee: Unarmed           |     4 |    84 ||    88
       Punch             |       |     1 ||     1
Invok: Serpent's Lash    |       |     1 ||     1
  Use: Potion            |       |     5 ||     5
 Stab: Sleeping          |       |     1 ||     1
Armor: Robe              |       |    57 ||    57
Dodge: Dodged            |       |   119 ||   119
